 Dungeon Crawl Stone Soup version 0.21.1 (webtiles) character file.

65 JeffiDaFish the Grave Robber (level 3, -2/24 HPs)
             Began as a Mummy Necromancer on Feb 4, 2018.
             Killed from afar by an orc wizard (11 damage)
             ... with a magic dart
             ... on level 2 of the Dungeon.
             The game lasted 00:03:03 (1484 turns).

JeffiDaFish the Grave Robber (Mummy Necromancer)    Turns: 1484, Time: 00:03:03

Health: -2/24      AC:  2    Str: 11    XL:     3   Next: 92%
Magic:  2/8        EV: 12    Int: 15    God:
Gold:   59         SH:  0    Dex: 12    Spells: 8/10 levels left

rFire    x . .     SeeInvis .   c - +0 short sword
rCold    + . .     Gourm    .   (no shield)
rNeg     + + +     Faith    .   a - +0 robe
rPois    ∞         Spirit   .   (no helmet)
rElec    .         Reflect  .   (no cloak)
rCorr    .         Harm     .   (no gloves)
MR       .....                  (no boots)
Stlth    ++........             (no amulet)
HPRegen  0.08/turn              (no ring)
MPRegen  0.11/turn              (no ring)

@: very slightly contaminated
A: no food or potions, fire vulnerability, cold resistance 1, negative energy
resistance 3, torment resistance, unbreathing
a: no special abilities


You were on level 2 of the Dungeon.
You were not hungry.

You visited 1 branch of the dungeon, and saw 2 of its levels.

You collected 59 gold pieces.

Inventory:

Hand Weapons
 c - a +0 short sword (weapon)
Armour
 a - a +0 robe (worn)
 d - a scarf of spirit shield
Scrolls
 e - a scroll of amnesia
Books
 b - a book of Necromancy

   Spells                             Type                      Level
   a - Pain                           Necromancy                   1
   b - Animate Skeleton               Necromancy                   1
   c - Vampiric Draining              Necromancy                   3
   d - Regeneration                   Charms/Necromancy            3
   e - Animate Dead                   Necromancy                   4
   f - Borgnjor's Vile Clutch         Necromancy/Earth             5


   Skills:
 + Level 0.2 Fighting
 + Level 0.2 Short Blades
 + Level 1.6 Dodging
 + Level 2.2 Stealth
 + Level 4.1 Spellcasting
 + Level 4.4 Necromancy


You had 8 spell levels left.
You knew the following spells:

 Your Spells              Type           Power        Failure   Level  Hunger
a - Pain                  Necr           ###.         3%          1    N/A
b - Animate Skeleton      Necr           N/A          3%          1    N/A

Dungeon Overview and Level Annotations

Branches:
Dungeon (2/15)

Altars:


Innate Abilities, Weirdness & Mutations

You do not eat or drink.
Your flesh is vulnerable to fire.
You are immune to poison.
Your flesh is cold resistant. (rC+)
You are immune to negative energy. (rN+++)
You are immune to unholy pain and torment.
You can survive without breathing.


Message History

Your goblin skeleton hits the orc wizard but does no damage.
The orc wizard hits your goblin skeleton with a dagger.
Your goblin skeleton is destroyed!
The orc wizard casts a cantrip, but nothing happens.
You see here a dart slug corpse.
Casting: Pain
Confirm with . or Enter, or press ? or * to list all spells.
Aiming: Pain
Press: ? - help, Shift-Dir - straight line, f - orc wizard
Aim: an orc wizard, wielding a dagger and wearing a robe (fast, chance to defeat MR: 75%)
The orc wizard writhes in agony!
The orc wizard barely misses you.
Casting: Pain
Confirm with . or Enter, or press ? or * to list all spells.
Aiming: Pain
Press: ? - help, Shift-Dir - straight line, f/p - orc wizard
Aim: an orc wizard, wielding a dagger and wearing a robe (moderately wounded, fast, chance to defeat MR: 75%)
The orc wizard writhes in agony!
The orc wizard points at you and mumbles some strange words.
The magic dart hits you!
You die...

############ .......@o†.#
##########o# ####++#### #)#
##........## ##o####.##
##..........## #..o......
#.....##....†#####..####.##
......##......##.........#
.[...Z##.......###..######
......##.....Z..##........


You could see an orc wizard and an orc.

Vanquished Creatures
  An orc wizard (D:2)
  An adder (D:2)
  3 dart slugs
  2 leopard geckos
  4 bats (D:1)
  4 giant cockroaches
  3 hobgoblins (D:1)
  2 jackals (D:2)
  3 kobolds
  A ball python (D:1)
  2 goblins (D:2)
  2 rats (D:1)
28 creatures vanquished.

Vanquished Creatures (collateral kills)
  A rat (D:1)
1 creature vanquished.

Grand Total: 29 creatures vanquished

Notes
Turn   | Place    | Note
-------+----------+-------------------------------------------
     0 | D:1      | JeffiDaFish the Mummy Necromancer began the quest for the Orb.
     0 | D:1      | Reached XP level 1. HP: 13/13 MP: 4/4
    74 | D:1      | Learned a level 1 spell: Animate Skeleton
   290 | D:1      | Reached XP level 2. HP: 19/19 MP: 3/6
  1218 | D:2      | Reached XP level 3. HP: 21/24 MP: 1/8
  1484 | D:2      | Killed from afar by an orc wizard

Skill      XL: |  1  2  3 |
---------------+----------+-----
Spellcasting   | 3 4 |  4.1
Stealth        | 2 |  2.2
Fighting       | |  0.2
Short Blades   | |  0.2
Dodging        | |  1.6
Necromancy     | |  4.4

Action                   || total
-------------------------++-------
Melee: Unarmed           ||     2
       Short sword       ||    35
 Cast: Pain              ||    48
       Animate Skeleton  ||    10
  Use: Scroll            ||     5
 Stab: Sleeping          ||     1
Armor: Robe              ||    17
Dodge: Dodged            ||    49
